PCL
CALGARY COWBOYS @ ALBUQUERQUE ISOTOPES
04/24/2030
 
TOP OF THE 1ST
Calgary Cowboys batting - Pitching for Albuquerque Isotopes : RHP Garrett Bell
Pitching: RHP Garrett Bell
Batting: LHB Andrew Veeck 0-0: Ball
1-0: Swinging Strike
1-1: Ball
2-1: Ground out 3-1 (Groundball, 34D)
Batting: LHB Del Kennedy 0-0: Ball
1-0: Ball
2-0: Foul Ball, location: 2F
2-1: Ball
3-1: Ground out U3 (Groundball, 3L)
Batting: LHB Edgar López 0-0: Ground out 4-3 (Groundball, 34D)
Top of the 1st over - 0 runs, 0 hits, 0 errors, 0 left on base; Calgary 0 - Albuquerque 0
BOTTOM OF THE 1ST
Albuquerque Isotopes batting - Pitching for Calgary Cowboys : RHP Esteban Castro
Pitching: RHP Esteban Castro
Batting: LHB Wally Harris 0-0: Ball
1-0: Swinging Strike
1-1: Ball
2-1: SINGLE (Line Drive, 3D)
Batting: SHB Edward Bartlett 0-0: Foul Ball, location: 2F
0-1: Ball
1-1: Grounds into double play, 6-4-3 (Groundball, 6)
Batting: LHB Burt Ward 0-0: Called Strike
0-1: Ball
1-1: Ball
2-1: Ball
3-1: Called Strike
3-2: Strikes out swinging
Bottom of the 1st over - 0 runs, 1 hit, 0 errors, 0 left on base; Calgary 0 - Albuquerque 0
TOP OF THE 2ND
Calgary Cowboys batting - Pitching for Albuquerque Isotopes : RHP Garrett Bell
Batting: LHB Bo Rush 0-0: Ball
1-0: Ball
2-0: SINGLE (Line Drive, 6D)
Batting: RHB Luis Ibarra 0-0: Ball
1-0: Swinging Strike
1-1: Fly out, F9 (Flyball, 89D)
Batting: LHB Miguel Pérez 0-0: Called Strike
0-1: Called Strike
0-2: Ball
1-2: Fly out, F5 (Line Drive, 5S)
Batting: RHB Joe Lewis 0-0: Foul Ball, location: 2F
0-1: Ball
1-1: Fielders Choice at 2nd, 6-4 (Groundball, 6)
Top of the 2nd over - 0 runs, 1 hit, 0 errors, 1 left on base; Calgary 0 - Albuquerque 0
BOTTOM OF THE 2ND
Albuquerque Isotopes batting - Pitching for Calgary Cowboys : RHP Esteban Castro
Batting: LHB José González 0-0: Ball
1-0: Ball
2-0: Ball
3-0: Called Strike
3-1: Ground out 4-3 (Groundball, 4)
Batting: RHB Jesse McKnight 0-0: Called Strike
0-1: Ball
1-1: Ball
2-1: Called Strike
2-2: Foul Ball, location: 2F
2-2: Ball
3-2: Fly out, F3 (Line Drive, 3L)
Batting: LHB Tanyu Imai 0-0: Foul Ball, location: 2F
0-1: Ball
1-1: Foul Ball, location: 2F
1-2: Strikes out swinging
Bottom of the 2nd over - 0 runs, 0 hits, 0 errors, 0 left on base; Calgary 0 - Albuquerque 0
TOP OF THE 3RD
Calgary Cowboys batting - Pitching for Albuquerque Isotopes : RHP Garrett Bell
Batting: RHB Jorge Balencia 0-0: Swinging Strike
0-1: SINGLE (Groundball, 6D)
Batting: RHB Mario Sánchez 0-0: Ball
1-0: Called Strike
1-1: Ball
2-1: Ball
3-1: Base on Balls
Jorge Balencia to second
Batting: LHB Andrew Veeck 0-0: Ball
1-0: Foul Ball, location: 2F
1-1: Foul Ball, location: 2F
1-2: Ball
2-2: SINGLE (Groundball, 56D)
Jorge Balencia to third
Mario Sánchez to second
Batting: LHB Del Kennedy 0-0: Ball
1-0: Foul Ball, location: 2F
1-1: Ground out 5-3 (Groundball, 25)
Jorge Balencia scores
Mario Sánchez to third
Andrew Veeck to second
Batting: LHB Edgar López 0-0: SINGLE (Line Drive, 8LS)
Mario Sánchez scores
Andrew Veeck to third
Runner from 3rd tries for Home, SAFE, no throw
Batting: LHB Bo Rush 0-0: Called Strike
0-1: Called Strike
0-2: Foul Ball, location: 2F
0-2: Ball
1-2: Fly out, F8 (Flyball, 8RS)
Batting: RHB Luis Ibarra 0-0: Ball
1-0: Ball
2-0: Called Strike
2-1: SINGLE (Flyball, 89S)
Edgar López to second
Runner from 2nd tries for 3rd, SAFE, no throw
Batting: LHB Miguel Pérez 0-0: Called Strike
0-1: Ball
1-1: Called Strike
Luis Ibarra is caught stealing 2nd base
Top of the 3rd over - 3 runs, 4 hits, 0 errors, 1 left on base; Calgary 3 - Albuquerque 0
BOTTOM OF THE 3RD
Albuquerque Isotopes batting - Pitching for Calgary Cowboys : RHP Esteban Castro
Batting: SHB Manuel Hegnauer 0-0: Called Strike
0-1: Ball
1-1: Called Strike
1-2: Ball
2-2: Ground out 6-3 (Groundball, 6)
Batting: RHB Martín López 0-0: Ball
1-0: SINGLE (Groundball, 34D)
Batting: RHB Daniel Martínez 0-0: Called Strike
0-1: Called Strike
0-2: Ball
1-2: Strikes out looking
Batting: LHB Wally Harris 0-0: Called Strike
0-1: Fielders Choice at 2nd, 5-4 (Groundball, 5)
Bottom of the 3rd over - 0 runs, 1 hit, 0 errors, 1 left on base; Calgary 3 - Albuquerque 0
TOP OF THE 4TH
Calgary Cowboys batting - Pitching for Albuquerque Isotopes : RHP Garrett Bell
Batting: LHB Miguel Pérez 0-0: Ball
1-0: Ball
2-0: Ball
3-0: Called Strike
3-1: Fly out, F8 (Flyball, 8RD)
Batting: RHB Joe Lewis 0-0: Ground out 4-3 (Groundball, 4M)
Batting: RHB Jorge Balencia 0-0: Foul Ball, location: 2F
0-1: Ground out 6-3 (Groundball, 6)
Top of the 4th over - 0 runs, 0 hits, 0 errors, 0 left on base; Calgary 3 - Albuquerque 0
BOTTOM OF THE 4TH
Albuquerque Isotopes batting - Pitching for Calgary Cowboys : RHP Esteban Castro
Batting: SHB Edward Bartlett 0-0: Called Strike
0-1: Called Strike
0-2: SINGLE (Groundball, 4D)
Batting: LHB Burt Ward 0-0: Ball
1-0: Foul Ball, location: 2F
1-1: Foul Ball, location: 2F
1-2: Ball
2-2: DOUBLE (Groundball, 3L)
Edward Bartlett to third
Batting: LHB José González 0-0: Called Strike
0-1: Ball
1-1: Swinging Strike
1-2: Strikes out swinging
Batting: RHB Jesse McKnight 0-0: Ball
1-0: Swinging Strike
1-1: Swinging Strike
1-2: Foul Ball, location: 2F
1-2: Strikes out swinging
Batting: LHB Tanyu Imai 0-0: Called Strike
0-1: SINGLE (Line Drive, 34D)
Edward Bartlett scores
Burt Ward to third
Runner from 3rd tries for Home, SAFE, no throw
Batting: SHB Manuel Hegnauer 0-0: Ball
1-0: Ball
2-0: Called Strike
Tanyu Imai steals 2nd base
2-1: Called Strike
2-2: Foul Ball, location: 2F
2-2: Ball
3-2: Fly out, F8 (Flyball, 89XD)
Bottom of the 4th over - 2 runs, 3 hits, 0 errors, 1 left on base; Calgary 3 - Albuquerque 2
TOP OF THE 5TH
Calgary Cowboys batting - Pitching for Albuquerque Isotopes : RHP Garrett Bell
Batting: RHB Mario Sánchez 0-0: Called Strike
0-1: Foul Ball, location: 2F
0-2: Strikes out swinging
Batting: LHB Andrew Veeck 0-0: Swinging Strike
0-1: Swinging Strike
0-2: Foul Ball, location: 2F
0-2: Strikes out looking
Batting: LHB Del Kennedy 0-0: Ball
1-0: Foul Ball, location: 2F
1-1: Foul Ball, location: 2F
1-2: Ball
2-2: Ball
3-2: Strikes out swinging
Top of the 5th over - 0 runs, 0 hits, 0 errors, 0 left on base; Calgary 3 - Albuquerque 2
BOTTOM OF THE 5TH
Albuquerque Isotopes batting - Pitching for Calgary Cowboys : RHP Esteban Castro
Batting: RHB Martín López 0-0: Ball
1-0: Foul Ball, location: 2F
1-1: Ball
2-1: Ball
3-1: SINGLE (Groundball, 34D)
Batting: RHB Daniel Martínez 0-0: Called Strike
0-1: Foul Ball, location: 2F
0-2: DOUBLE (Line Drive, 7)
Martín López to third
Batting: LHB Wally Harris 0-0: Called Strike
0-1: SINGLE (Groundball, 4MD)
Martín López scores
Daniel Martínez to third
Batting: SHB Edward Bartlett 0-0: Ground out 4-3 (Groundball, 34D)
Daniel Martínez scores
Wally Harris to second
Batting: LHB Burt Ward 0-0: Ball
Wild Pitch!
Wally Harris to third
1-0: Ball
2-0: Ball
3-0: Called Strike
3-1: Foul Ball, location: 2F
3-2: Foul Ball, location: 2F
3-2: Foul Ball, location: 2F
3-2: Foul Ball, location: 2F
3-2: Base on Balls
Batting: LHB José González 0-0: Ball
1-0: Called Strike
1-1: Grounds into double play, 4-6-3 (Groundball, 34)
Bottom of the 5th over - 2 runs, 3 hits, 0 errors, 1 left on base; Calgary 3 - Albuquerque 4
TOP OF THE 6TH
Calgary Cowboys batting - Pitching for Albuquerque Isotopes : RHP Garrett Bell
Batting: LHB Edgar López 0-0: Fly out, F4 (Popup, 34)
Batting: LHB Bo Rush 0-0: Ball
1-0: SINGLE (Groundball, 34D)
Batting: RHB Luis Ibarra 0-0: Ball
1-0: Foul Ball, location: 2F
1-1: Foul Ball, location: 2F
1-2: Fly out, F8 (Flyball, 8RM)
Batting: LHB Miguel Pérez 0-0: Ball
1-0: Called Strike
1-1: Called Strike
1-2: Strikes out looking
Top of the 6th over - 0 runs, 1 hit, 0 errors, 1 left on base; Calgary 3 - Albuquerque 4
BOTTOM OF THE 6TH
Albuquerque Isotopes batting - Pitching for Calgary Cowboys : RHP Esteban Castro
Batting: RHB Jesse McKnight 0-0: Ball
1-0: TRIPLE (Line Drive, 9LD)
Pitching: LHP Alfredo Durán
Batting: LHB Tanyu Imai 0-0: SINGLE (Groundball, 15) (infield hit)
Batting: SHB Manuel Hegnauer 0-0: Ball
1-0: SINGLE (Line Drive, 4M)
Jesse McKnight scores
Tanyu Imai to second
Runner from 2nd tries for 3rd, SAFE, no throw
Batting: RHB Martín López 0-0: Ground out 6-3 (Groundball, 6)
Manuel Hegnauer to second
Batting: RHB Daniel Martínez 0-0: Ball
1-0: Foul Ball, location: 2F
1-1: Fly out, F7 (Flyball, 78D)
Runner from 3rd tags up, OUT at HOME
Bottom of the 6th over - 1 run, 3 hits, 0 errors, 1 left on base; Calgary 3 - Albuquerque 5
TOP OF THE 7TH
Calgary Cowboys batting - Pitching for Albuquerque Isotopes : RHP Garrett Bell
Pitching: LHP Alberto Ruíz
Batting: RHB Joe Lewis 0-0: Foul Ball, location: 2F
0-1: Foul Ball, location: 2F
0-2: Ball
1-2: Foul Ball, location: 2F
1-2: Foul Ball, location: 2F
1-2: Ball
2-2: SINGLE (Groundball, 34D)
Batting: RHB Jorge Balencia 0-0: Fly out, F8 (Flyball, 8RS)
Batting: RHB Mario Sánchez 0-0: Swinging Strike
0-1: Ball
1-1: Swinging Strike
1-2: Reached on error, E6 (Groundball, 6)
Joe Lewis to second
Batting: LHB Andrew Veeck 0-0: Called Strike
0-1: Ball
1-1: Ground out U3 (Groundball, 3S)
Joe Lewis to third
Mario Sánchez to second
Batting: LHB Del Kennedy 0-0: Ball
1-0: Ground out 4-3 (Groundball, 4M)
Top of the 7th over - 0 runs, 1 hit, 1 error, 2 left on base; Calgary 3 - Albuquerque 5
BOTTOM OF THE 7TH
Albuquerque Isotopes batting - Pitching for Calgary Cowboys : LHP Alfredo Durán
Batting: LHB Wally Harris 0-0: Ball
1-0: Swinging Strike
1-1: SINGLE (Groundball, 4M) (infield hit)
Batting: SHB Edward Bartlett 0-0: Ball
1-0: Sac Bunt - play at first, batter OUT! 1-4
Wally Harris to second
Batting: LHB Burt Ward 0-0: Ball
1-0: SINGLE (Groundball, 34D)
Wally Harris to third
Runner from 3rd tries for Home, SAFE, no throw
Batting: LHB José González 0-0: Ball
1-0: Ball
Wild Pitch!
Burt Ward to second
2-0: Foul Ball, location: 2F
2-1: Foul Ball, location: 2F
2-2: DOUBLE (Line Drive, 8RXD)
Burt Ward scores
Batting: RHB Jesse McKnight 0-0: Intentional Walk
Pitching: RHP Paul Barton
Batting: LHB Tanyu Imai 0-0: Called Strike
0-1: Ball
1-1: SINGLE (Line Drive, 8RS)
José González to third
Jesse McKnight to second
Batting: SHB Manuel Hegnauer 0-0: Ball
1-0: Foul Ball, location: 2F
1-1: Fly out, F3 (Popup, 3S)
Batting: RHB Martín López 0-0: Called Strike
0-1: Ground out 5-3 (Groundball, 56S)
Bottom of the 7th over - 2 runs, 4 hits, 0 errors, 3 left on base; Calgary 3 - Albuquerque 7
TOP OF THE 8TH
Calgary Cowboys batting - Pitching for Albuquerque Isotopes : LHP Alberto Ruíz
Batting: LHB Edgar López 0-0: Ball
1-0: Called Strike
1-1: Ball
2-1: Ball
3-1: SINGLE (Line Drive, 4MD)
Batting: LHB Bo Rush 0-0: Ground out 5-3 (Groundball, 5S)
Edgar López to second
Batting: RHB Luis Ibarra 0-0: Ball
1-0: Foul Ball, location: 2F
1-1: Foul Ball, location: 2F
1-2: Fly out, F8 (Flyball, 8LM)
Runner from 2nd tags up, SAFE at 3rd with throw
Batting: LHB Miguel Pérez 0-0: Fly out, F9 (Flyball, 9S)
Top of the 8th over - 0 runs, 1 hit, 0 errors, 1 left on base; Calgary 3 - Albuquerque 7
BOTTOM OF THE 8TH
Albuquerque Isotopes batting - Pitching for Calgary Cowboys : RHP Paul Barton
Batting: RHB Daniel Martínez 0-0: Ball
1-0: Called Strike
1-1: Ball
2-1: Ball
3-1: Fly out, F7 (Flyball, 7)
Batting: LHB Wally Harris 0-0: Called Strike
0-1: Foul Ball, location: 2F
0-2: Foul Ball, location: 2F
0-2: Ball
1-2: Ball
2-2: Ground out 6-3 (Groundball, 56)
Batting: SHB Edward Bartlett 0-0: Ball
1-0: SINGLE (Line Drive, 7LS)
Batting: LHB Burt Ward 0-0: Called Strike
0-1: Ball
1-1: Foul Ball, location: 2F
1-2: Ball
Edward Bartlett steals 2nd base
2-2: Ball
3-2: Fly out, F8 (Flyball, 8RM)
Bottom of the 8th over - 0 runs, 1 hit, 0 errors, 1 left on base; Calgary 3 - Albuquerque 7
TOP OF THE 9TH
Calgary Cowboys batting - Pitching for Albuquerque Isotopes : LHP Alberto Ruíz
Batting: RHB Joe Lewis 0-0: Ball
1-0: DOUBLE (Flyball, 78D)
Batting: RHB Jorge Balencia 0-0: Ball
1-0: Ball
2-0: Swinging Strike
2-1: Ball
3-1: Foul Ball, location: 2F
3-2: Base on Balls
Batting: RHB Mario Sánchez 0-0: Called Strike
0-1: Fly out, F7 (Flyball, 78D)
Batting: LHB Andrew Veeck 0-0: Ball
1-0: Ball
2-0: Foul Ball, location: 2F
2-1: Ball
3-1: SINGLE (Line Drive, 8LS)
Joe Lewis to third
Jorge Balencia to second
Batting: LHB Del Kennedy 0-0: Ball
1-0: Swinging Strike
1-1: Ball
2-1: Called Strike
2-2: Fly out, F7 (Flyball, 7)
Runner from 3rd tags up, SCORES, no throw
Batting: LHB Edgar López 0-0: Ball
1-0: Ground out 4-3 (Groundball, 4)
Top of the 9th over - 1 run, 2 hits, 0 errors, 2 left on base; Calgary 4 - Albuquerque 7
Saturday, April 7th, 2018 - OOTP Baseball 18.8 Build 76